 Dungeon Crawl Stone Soup version 0.20.1-1-g8b1a95d (webtiles) character file.

647 Gargoyl the Chopper (level 7, -21/61 HPs)
             Began as a Minotaur Abyssal Knight on July 11, 2017.
             Was a Believer of Lugonu.
             Demolished by an ogre
             ... wielding a +0 giant club
              (36 damage)
             ... on level 5 of the Dungeon.
             The game lasted 00:08:48 (4260 turns).

Gargoyl the Chopper (Minotaur Abyssal Knight)       Turns: 4260, Time: 00:08:49

Health: -21/61     AC: 15    Str: 16    XL:     7   Next: 27%
Magic:  9/9        EV:  3    Int:  9    God:    Lugonu [**....]
Gold:   314        SH:  9    Dex: 15    Spells: 6/6 levels left

rFire    . . .     SeeInvis .   a - +1 hand axe (chaos)
rCold    . . .     Gourm    .   e - +0 shield
rNeg     . . .     Faith    .   q - +0 plate armour
rPois    .         Spirit   .   (helmet restricted)
rElec    .         Reflect  .   (no cloak)
rCorr    .         Harm     .   t - +2 pair of gloves {Dex+3}
MR       .....                  (no boots)
Stlth    ..........             f - amulet of rage
Regen    0.2/turn               (no ring)
MPRegen  0.2/turn               (no ring)

@: no status effects
A: retaliatory headbutt, horns 2
a: Depart the Abyss, Bend Space, Renounce Religion, Evoke Berserk Rage


You were on level 5 of the Dungeon.
You worshipped Lugonu.
Lugonu was pleased with you.
You were not hungry.

You visited 1 branch of the dungeon, and saw 5 of its levels.
You visited the Abyss 1 time.

You collected 314 gold pieces.

Inventory:

Hand Weapons
 a - a +1 hand axe of chaos (weapon)
 o - a +2 hand axe of distortion
Armour
 e - a +0 shield (worn)
 q - a +0 plate armour (worn)
 t - a +2 pair of gloves of dexterity (worn)
Jewellery
 f - an amulet of rage (around neck)
 j - an uncursed ring of ice
Wands
 s - a wand of iceblast (15/15)
Scrolls
 i - 2 scrolls of identify
 m - a scroll of remove curse
Potions
 b - a potion of degeneration {unknown}
 d - 3 potions of agility {unknown}
 k - 2 potions of curing
 l - a potion of mutation {unknown}
 p - 3 potions of heal wounds
 r - a potion of haste {unknown}
 u - a potion of ambrosia {unknown}
 v - a potion of brilliance {unknown}
Comestibles
 c - 4 bread rations
 g - 2 royal jellies
 h - a fruit
 n - 7 chunks of flesh


   Skills:
 + Level 5.0 Fighting
 + Level 5.3 Axes
 * Level 5.1 Armour
 + Level 1.9 Dodging
 + Level 2.6 Shields
 * Level 4.0 Invocations


You had 6 spell levels left.
You didn't know any spells.

Dungeon Overview and Level Annotations

Branches:
Dungeon (5/15)             Temple (0/1) D:4

Altars:
Cheibriados
Dithmenos
Elyvilon
Nemelex Xobeh
Ru
Uskayaw
Xom


Innate Abilities, Weirdness & Mutations

You reflexively headbutt those who attack you in melee.
You have a pair of horns on your head.


Message History

Things that are here:
a falchion; an orc skeleton You hit the ogre.
The ogre goes berserk!
You headbutt the ogre.
The ogre is moderately wounded.
The ogre hits you with a giant club! The ogre hits you with a giant club!!
You hit the ogre but do no damage.
The ogre is moderately wounded.
You block the ogre's attack.
You completely miss the ogre.
The ogre is moderately wounded.
The ogre barely misses you. You furiously retaliate!
You headbutt the ogre! You hit the ogre but do no damage.
The ogre seems to slow down.
The ogre is moderately wounded.
The ogre hits you with a giant club!
* * * LOW HITPOINT WARNING * * *
You slash the ogre!
The ogre is poisoned.
You headbutt the ogre!
The ogre is severely wounded.
The ogre hits you with a giant club!!!
Ouch! That really hurt!
You die...

#..#......#.# #.....#..
##.#......#.# #.......
#.#......#.# #.....#
#........#.# #.....#
#........#.# #.....#
#.......##.# #....)####.##
#.......##.# #............
###...[.##.# #)........###
#####.....##.###@.......##
..........#....O.)#######
######....#.....).#
#....#.......#
#....##.######
#....#.......#
.#####..##......##
................##
..######.##....##


You could see an ogre (berserk).

Vanquished Creatures
  The ghost of Dadi the Chopper, an amateur MiFi (D:5)
  2 phantoms
  A hound (D:4)
  2 bullfrog skeletons
  2 orc wizards (D:5)
  An iguana (D:5)
  Robin (D:2)
  3 gnolls (D:3)
  2 adders
  An ooze (D:3)
  An adder zombie (D:5)
  2 worms (D:4)
  4 leopard geckos
  11 orcs
  3 giant cockroaches
  13 goblins (D:1)
  12 hobgoblins
  7 kobolds
  A quokka (D:2)
  A ball python (D:2)
  9 bats
  5 frilled lizards
  3 rats
  A lurking horror (Abyss:1)
89 creatures vanquished.

Notes
Turn   | Place    | Note
-------+----------+-------------------------------------------
     0 | Abyss:1  | Gargoyl the Minotaur Abyssal Knight began the quest for the Orb.
     0 | Abyss:1  | Reached XP level 1. HP: 19/19 MP: 1/1
    95 | Abyss:1  | Noticed a large abomination
    96 | Abyss:1  | Noticed a guardian serpent
    98 | D:1      | Escaped the Abyss
   556 | D:1      | Reached XP level 2. HP: 27/27 MP: 2/2
   757 | D:1      | Reached * piety under Lugonu
  1146 | D:1      | Reached XP level 3. HP: 33/33 MP: 3/3
  1208 | D:2      | Noticed Robin
  1699 | D:2      | Killed Robin
  1768 | D:2      | Found a snail-covered altar of Cheibriados.
  2145 | D:2      | Reached XP level 4. HP: 39/40 MP: 4/4
  2208 | D:3      | Found a sacrificial altar of Ru.
  2278 | D:3      | Reached ** piety under Lugonu
  2743 | D:3      | Reached XP level 5. HP: 47/47 MP: 6/6
  2825 | D:3      | Found a shadowy altar of Dithmenos.
  2973 | D:3      | Found a glowing golden altar of the Shining One.
  2975 | D:3      | Found a sparkling altar of Nemelex Xobeh.
  2975 | D:3      | Found a shimmering altar of Xom.
  2977 | D:3      | Found a deep blue altar of Sif Muna.
  2977 | D:3      | Found a white marble altar of Elyvilon.
  2977 | D:3      | Found a hide-covered altar of Uskayaw.
  3240 | D:4      | Reached skill level 1 in Shields
  3317 | D:4      | Found a staircase to the Ecumenical Temple.
  3436 | D:4      | Noticed a phantom
  3508 | D:4      | Killed a phantom
  3508 | D:4      | Reached XP level 6. HP: 40/53 MP: 7/7
  3657 | D:5      | Entered Level 5 of the Dungeon
  3947 | D:5      | Noticed Dadi's ghost (amateur MiFi)
  3973 | D:5      | Killed Dadi's ghost
  3973 | D:5      | Reached skill level 5 in Fighting
  3973 | D:5      | Reached skill level 5 in Axes
  3973 | D:5      | Reached skill level 5 in Armour
  3973 | D:5      | Reached XP level 7. HP: 35/61 MP: 8/8
  4260 | D:5      | Demolished by an ogre

Skill      XL: |  1  2  3  4  5  6  7 |
---------------+----------------------+-----
Invocations    | 2 3 4 |  4.0
Fighting       | 4 5 |  5.0
Armour         | 3 4 5 |  5.1
Axes           | 3 4 5 |  5.3
Shields        | 1 2 |  2.6
Dodging        | |  1.9

Action                   |  1- 3 |  4- 6 |  7- 9 || total
-------------------------+-------+-------+-------++-------
Melee: Hand axe          |    94 |   164 |    29 ||   287
       Headbutt          |    12 |    29 |     8 ||    49
Invok: Depart the Abyss  |     1 |       |       ||     1
  Use: Scroll            |     8 |     3 |     1 ||    12
       Potion            |       |     2 |       ||     2
  Eat: Chunk             |     4 |     6 |     1 ||    11
Armor: Leather armour    |    45 |       |       ||    45
       Chain mail        |    13 |    39 |       ||    52
       Plate armour      |       |    70 |    34 ||   104
Dodge: Dodged            |    50 |    20 |     6 ||    76
Block: Shield            |    48 |    68 |    22 ||   138
